 Dungeon Crawl Stone Soup version 0.23.2-33-g5129a83184 (webtiles) character file.

Game seed: 17080235876247597844

12447 psyvane the Martial Artist (level 11, -2/75 HPs)
             Began as an Octopode Transmuter on July 7, 2019.
             Was a Priest of Makhleb.
             Slain by a blink frog (4 damage)
             ... on level 2 of the Lair of Beasts.
             The game lasted 01:02:09 (12129 turns).

psyvane the Martial Artist (Octopode Transmuter)   Turns: 12129, Time: 01:02:12

Health: -2/75      AC:  7    Str: 11    XL:     11   Next: 93%
Magic:  13/16      EV: 13    Int: 16    God:    Makhleb [***...]
Gold:   110        SH:  6    Dex: 14    Spells: 4/14 levels left

rFire    x . .     SeeInvis .     - Unarmed
rCold    + + +     Gourm    .   (shield currently unavailable)
rNeg     . . .     Faith    .   (helmet currently unavailable)
rPois    +         Spirit   .   b - +6 amulet of reflection
rElec    .         Reflect  +   n - ring of wizardry
rCorr    .         Harm     .   p - ring of poison resistance
MR       .....                  u - +1 ring of protection
Stlth    +.........             (no ring)
HPRegen  0.22/turn              (no ring)
MPRegen  0.15/turn              (no ring)
                                (no ring)
                                (no ring)

@: ice-form, afraid
A: large, almost no armour, stealthy swim, amphibious, 8 rings, (constrict 8)
a: End Transformation, Minor Destruction, Lesser Servant of Makhleb, Renounce
Religion


You were on level 2 of the Lair of Beasts.
You worshipped Makhleb.
Makhleb was most pleased with you.
You were hungry.
You were a creature of crystalline ice.
You visited 3 branches of the dungeon, and saw 14 of its levels.
You also visited: Ossuary.

You collected 935 gold pieces.
You spent 825 gold pieces at shops.

Inventory:

Missiles
 a - 236 arrows
Jewellery
 b - a +6 amulet of reflection (around neck)
 n - a ring of wizardry (left front paw)
 p - a ring of poison resistance (right front paw)
 t - an uncursed amulet of regeneration
 u - a +1 ring of protection (on tentacle)
Wands
 r - a wand of scattershot (6)
 s - a wand of polymorph (10)
 v - a wand of digging (12)
Scrolls
 d - 4 scrolls of immolation
 f - 7 scrolls of remove curse
 i - 2 scrolls of enchant weapon
 k - 2 scrolls of fog {unknown}
 m - a scroll of random uselessness {unknown}
 o - a scroll of teleportation {unknown}
 q - a scroll of enchant armour
 w - a scroll of amnesia {unknown}
 x - 2 scrolls of fear {unknown}
Potions
 e - 7 potions of flight
 h - 2 potions of mutation
 j - 3 potions of lignification
 l - 2 potions of brilliance
Comestibles
 c - 22 rations


   Skills:
 - Level 1.0 Fighting
 - Level 6.8 Dodging
 - Level 14.0 Unarmed Combat
 - Level 2.0 Spellcasting
 * Level 6.9 Transmutations
 - Level 3.5 Ice Magic
 - Level 1.7 Poison Magic
 - Level 7.0 Invocations


You had 4 spell levels left.
You knew the following spells:

 Your Spells              Type           Power        Failure   Level  Hunger
a - Beastly Appendage     Tmut           ###...       1%          1    #......
b - Spider Form           Tmut/Pois      ###.......   4%          3    ###....
c - Ice Form              Ice/Tmut       ###.....     10%         4    #####..
d - Sticks to Snakes      Tmut           ###.....     1%          2    ###....

Your spell library contained the following spells:

 Spells                   Type           Power        Failure   Level  Hunger
 Ensorcelled Hibernation  Hex/Ice        #.....       6%          2    ###....
 Corona                   Hex            #......      9%          1    #......
 Confuse                  Hex            #.......     24%         3    ###....
 Dazzling Spray           Conj/Hex       #.....       24%         3    ###....
 Tukima's Dance           Hex            #.......     24%         3    ###....
 Blade Hands              Tmut           ###.......   13%         5    ######.
 Irradiate                Conj/Tmut      ##........   45%         5    ######.
 Hydra Form               Tmut           ###.......   56%         6    #######
 Statue Form              Tmut/Erth      ##.......    95%         6    #######
 Dragon Form              Tmut           ###.......   98%         7    #######


Dungeon Overview and Level Annotations

Branches:
Dungeon (11/15)            Temple (1/1) D:4            Lair (2/6) D:10
  Swamp: Lair:2-4    Shoals: Lair:2-4     Snake: Lair:2-4    Spider: Lair:2-4
    Orc: D:9-12

Altars:
Ashenzari
Cheibriados
Dithmenos
Elyvilon
Fedhas
Gozag
Hepliaklqana
Kikubaaqudgha
Makhleb
Nemelex Xobeh
Okawaru
Qazlal
Ru
Sif Muna
Trog
Uskayaw
Vehumet
Wu Jian
Xom
Yredelemnul
Zin
The Shining One

Shops:
D:8 :

Annotations:
D:8 2 transporters, Sveporus's ghost, novice HOMo


Innate Abilities, Weirdness & Mutations

You cannot wear most types of armour.
You are very stealthy in the water. (Stealth+)
You are amphibious.
You can wear up to eight rings at the same time.
((You can use your tentacles to constrict eight enemies at once.))
((Your skin changes colour to match your surroundings (Stealth+).))
((Your rubbery body absorbs attacks. (AC +1, EV +1)))


Message History

The blink frog hits you but does no damage.
The blink frog hits you!
* * * LOW HITPOINT WARNING * * *
The blink frog hits you.
* * * LOW HITPOINT WARNING * * *
The blink frog blinks!
Aiming: Polymorph
Press: ? - help, Shift-Dir - straight line, f - torpor snail
Aim: a torpor snail (heavily wounded, chance to defeat MR: 28%)
The torpor snail evaporates and reforms as a glowing orange brain!
You feel yourself speed up.
As you read the scroll labeled EKOV GAOLOFEUN, it crumbles to dust.
It is a scroll of enchant weapon.
You aren't carrying any weapons that can be enchanted.
The blink frog closely misses you.
The glowing orange brain pulsates.
The glowing orange brain radiates an aura of fear!
You are terrified of the glowing orange brain!
The blink frog blinks!
The blink frog hits you.
You die...

###..^...
###........
#.#........
###..##.....
##...###.....
##...## #.....
#####...## #.....
#.#...### ......
..### ###Y...#.##
##.....
......##.GF......#
##....
......ยง..Yl.....##
.....##..........##
... ###.........# P
#.###...#### ###
##.## ###


You could see a death yak, a glowing orange brain, a basilisk and a blink frog.

Vanquished Creatures
  Gastronok (D:8)
  An ugly thing (D:8)
  3 spiny frogs
  A troll (D:9)
  A blink frog (Lair:2)
  4 hippogriffs
  8 yaks
  A spriggan (D:9)
  A wyvern (D:9)
  A wraith (D:10)
  Eustachio (D:4)
  A water moccasin (Lair:1)
  2 ice beasts
  6 sky beasts
  5 orc warriors
  A necrophage (D:7)
  5 ogres
  4 centaurs
  A wolf (Lair:2)
  2 phantoms
  A big kobold (D:5)
  2 bullfrogs (D:9)
  2 wyvern zombies
  4 scorpions
  4 killer bees (D:9)
  A howler monkey (D:10)
  8 wights
  3 crimson imps
  A bullfrog zombie (D:8)
  5 hounds
  A quasit (D:10)
  4 orc priests
  5 jellies
  A bullfrog skeleton (D:5)
  7 orc wizards
  5 iguanas
  8 worker ants
  2 big kobold zombies (Ossuary)
  A hound skeleton (D:8)
  3 mummies
  2 howler monkey zombies
  3 worker ant zombies
  4 gnolls (D:3)
  9 adders
  3 shadow imps
  An adder zombie (D:6)
  3 adder skeletons
  2 worms
  2 dart slugs
  5 leopard geckos
  49 orcs
  3 giant cockroaches
  3 gnoll zombies (Ossuary)
  9 goblins
  7 hobgoblins
  8 jackals
  4 quokkas
  7 bats
  5 frilled lizards
  3 goblin zombies (Ossuary)
  3 hobgoblin zombies (Ossuary)
  13 kobolds
  A leopard gecko zombie (D:8)
  3 orc zombies (Ossuary)
  2 rats (D:1)
272 creatures vanquished.

Vanquished Creatures (collateral kills)
  A hydra (D:11)
  A two-headed ogre (D:8)
  An unseen horror (D:10)
  A vampire (D:10)
  A water moccasin (D:10)
  An orc warrior (D:8)
  A centaur (D:11)
  3 wolves (Lair:2)
  A bullfrog (D:9)
  A howler monkey (D:10)
  An orc priest (D:8)
  A worker ant (D:8)
  An adder (D:10)
15 creatures vanquished.

Vanquished Creatures (others)
  A centaur (D:11)
  An orc (D:3)
  3 bats (D:3)
5 creatures vanquished.

Grand Total: 292 creatures vanquished

Notes
Turn   | Place    | Note
-------+----------+-------------------------------------------
     0 | D:1      | psyvane the Octopode Transmuter began the quest for the
                  | Orb.
     0 | D:1      | Reached XP level 1. HP: 13/13 MP: 3/3
   304 | D:1      | Reached XP level 2. HP: 15/18 MP: 3/5
   903 | D:1      | Reached XP level 3. HP: 23/23 MP: 4/6
  1061 | D:2      | Learned a level 3 spell: Spider Form
  1103 | D:2      | Reached skill level 1 in Poison Magic
  1318 | D:2      | Found an ornate altar of the Wu Jian Council.
  1403 | D:2      | Found a blossoming altar of Fedhas.
  1468 | D:2      | Found a hide-covered altar of Uskayaw.
  1632 | D:2      | Reached XP level 4. HP: 23/28 MP: 5/7
  2646 | D:3      | Found a radiant altar of Vehumet.
  2822 | D:3      | Reached XP level 5. HP: 32/33 MP: 8/8
  2920 | D:4      | Found a staircase to the Ecumenical Temple.
  2930 | Temple   | Entered the Ecumenical Temple
  2942 | Temple   | Learned a level 4 spell: Ice Form
  3196 | Temple   | Became a worshipper of Makhleb the Destroyer
  3242 | D:4      | Noticed an ogre
  3252 | D:4      | Killed an ogre
  3465 | D:3      | Reached XP level 6. HP: 14/38 MP: 3/9
  4290 | D:4      | Found an ancient bone altar of Kikubaaqudgha.
  4458 | D:4      | Noticed Eustachio
  4491 | D:4      | Killed Eustachio
  4491 | D:4      | Reached skill level 4 in Unarmed Combat
  4491 | D:4      | Reached XP level 7. HP: 18/43 MP: 7/10
  4868 | D:5      | Entered Level 5 of the Dungeon
  4897 | D:5      | Reached skill level 5 in Unarmed Combat
  5167 | D:5      | Reached skill level 6 in Unarmed Combat
  5405 | D:5      | Found a sparkling altar of Nemelex Xobeh.
  5408 | D:5      | Found a white marble altar of Elyvilon.
  5414 | D:5      | Reached * piety under Makhleb
  5782 | D:6      | Reached skill level 7 in Unarmed Combat
  5782 | D:6      | Reached XP level 8. HP: 48/48 MP: 6/11
  6093 | D:6      | Reached ** piety under Makhleb
  6100 | D:6      | Reached skill level 5 in Dodging
  6237 | D:6      | Found a basalt altar of Yredelemnul.
  6334 | D:6      | Found a sand-covered staircase.
  6343 | Ossuary  | Entered an ossuary
  6509 | Ossuary  | Learned a level 2 spell: Sticks to Snakes
  7108 | D:7      | Reached XP level 9. HP: 53/53 MP: 8/12
  7311 | D:7      | Reached *** piety under Makhleb
  7329 | D:7      | Found a shadowy altar of Dithmenos.
  7614 | D:8      | Found Nysseal's Book Shop.
  7629 | D:8      | Reached skill level 8 in Unarmed Combat
  7769 | D:8      | Reached skill level 9 in Unarmed Combat
  7843 | D:8      | Found a transporter.
  7845 | D:8      | Found a transporter.
  7928 | D:8      | Noticed a two-headed ogre
  7949 | D:8      | Killed a two-headed ogre
  7949 | D:8      | Reached skill level 10 in Unarmed Combat
  8137 | D:8      | Reached XP level 10. HP: 58/58 MP: 11/13
  8154 | D:8      | Noticed Gastronok
  8165 | D:8      | Killed Gastronok
  8165 | D:8      | Reached skill level 12 in Unarmed Combat
  8376 | D:8      | Noticed a purple ugly thing
  8382 | D:8      | Killed a purple ugly thing
  8713 | D:8      | Noticed Sveporus's ghost (novice HOMo)
  8787 | D:9      | Found a stormy altar of Qazlal.
  8791 | D:9      | Reached **** piety under Makhleb
  8792 | D:9      | Reached skill level 13 in Unarmed Combat
  9159 | D:9      | Found a glowing silver altar of Zin.
  9351 | D:9      | Reached skill level 1 in Invocations
  9360 | D:9      | Reached XP level 11. HP: 63/63 MP: 14/14
  9374 | D:9      | Found a hazy altar of Hepliaklqana.
  9446 | D:9      | Found an iron altar of Okawaru.
  9745 | D:10     | Entered Level 10 of the Dungeon
  9770 | D:9      | Reached skill level 5 in Invocations
 10023 | D:10     | Found a staircase to the Lair.
 10865 | D:11     | Noticed a six-headed hydra
 10874 | D:11     | Killed a six-headed hydra
 10991 | D:10     | Killed an unseen horror
 11024 | D:10     | Reached skill level 14 in Unarmed Combat
 11292 | D:8      | Bought a book of Transfigurations for 825 gold pieces
 11372 | Lair:1   | Entered Level 1 of the Lair of Beasts
 11379 | Lair:1   | Noticed an eight-headed hydra
 11402 | Lair:1   | Reached skill level 5 in Transmutations
 12100 | Lair:2   | Noticed a death yak
 12126 | Lair:2   | HP: 2/75 [blink frog (16)]
 12128 | Lair:2   | Noticed a glowing orange brain
 12128 | Lair:2   | a torpor snail changed into a glowing orange brain
 12129 | Lair:2   | Slain by a blink frog

Skill      XL: |  1  2  3  4  5  6  7  8  9 10 11 |
---------------+----------------------------------+-----
Transmutations | 3 4 6 |  6.9
Poison Magic   | 1 |  1.7
Ice Magic      | 3 |  3.5
Unarmed Combat | 4 7 10 13 14 | 14.0
Dodging        | 6 |  6.8
Invocations    | 1 7 |  7.0
Fighting       | |  1.0
Spellcasting   | |  2.0

Action                   |  1- 3 |  4- 6 |  7- 9 | 10-12 || total
-------------------------+-------+-------+-------+-------++-------
Melee: Unarmed           |    81 |    87 |   299 |   296 ||   763
       Constrict         |    21 |    11 |    20 |    18 ||    70
       Kick              |    12 |     9 |    20 |    14 ||    55
       Tentacles         |     7 |     8 |    18 |    18 ||    51
       Punch             |       |     1 |     3 |     6 ||    10
 Cast: Beastly Appendage |    20 |    14 |    25 |    18 ||    77
       Spider Form       |       |     6 |     3 |       ||     9
       Ice Form          |       |     3 |    18 |    25 ||    46
Invok: Lesser Servant of |       |       |     2 |    15 ||    17
Evoke: Wand              |       |       |       |     1 ||     1
  Use: Scroll            |     5 |     3 |     3 |     5 ||    16
       Potion            |       |     2 |     4 |     6 ||    12
 Stab: Sleeping          |     5 |     1 |     4 |     3 ||    13
       Invisible         |       |       |     2 |       ||     2
       Distracted        |       |       |     1 |     1 ||     2
  Eat: Chunk             |     3 |     9 |    15 |    17 ||    44
       Ration            |       |     1 |       |     1 ||     2
Armor: Skin              |     6 |    19 |    30 |    37 ||    92
Dodge: Dodged            |    46 |    61 |   155 |   197 ||   459
Block: Other             |       |       |       |    60 ||    60
       Reflection        |       |       |       |     4 ||     4
